Map: Simulacrum LE

Players

AGOElazer (Elazer) - Winner!

  • Race: Zerg Zerg
  • League: Master
  • Spawn Location: 5:00

TLHarstem (Harstem)

  • Race: Protoss Protoss
  • League: Master
  • Spawn Location: 11:00

Event: Shopify TSL 5

VOD

Have the link to the VOD?

Description

Time

  • Played on: May 16, 2020, 1:43 p.m.
  • Length: 15:47

All games in this series

Show
View Real Time Build Order
Export as new Build Order

AGOElazer Zerg - Winner!

Build Orders: Hatch First, Brood Lord Corruptor 

Get SALT Encoding   

  12  0:00  Drone  
  13  0:12  Overlord  
  13  0:17  Drone  
  14  0:30  Drone x2  
  16  0:46  Drone  
  16  0:48  Drone  
  18  0:55  Hatchery  
  17  0:58  Drone  
  17  1:01  Extractor  
  17  1:13  Spawning Pool  
  17  1:16  Drone  
  17  1:19  Drone  
  18  1:27  Drone  
  19  1:39  Drone  
  20  1:50  Overlord  
  20  2:00  Queen  
  22  2:06  Queen  
  22  2:07  Zergling x4  
  26  2:10  Metabolic Boost  
  26  2:12  Drone  
  27  2:18  Drone  
  27  2:21  Drone  
  29  2:29  Drone  
  30  2:35  Drone  
  31  2:40  Drone  
  31  2:42  Hatchery  
  31  2:47  Queen  
  31  2:50  Zergling x2  
  33  2:54  Overlord  
  33  2:57  Drone  
  34  3:01  Drone  
  35  3:11  Overlord  
  35  3:13  Drone x3  
  35  3:15  Drone  
  39  3:25  Queen, Drone x2  
  43  3:32  Drone  
  45  3:34  Drone  
  45  3:43  Drone  
  45  3:44  Drone x3  
  49  3:50  Drone  
  49  3:53  Queen  
  49  3:55  Drone x2  
  54  3:57  Drone x2  
  54  3:58  Roach Warren  
  54  4:00  Overlord  
  55  4:07  Overlord  
  55  4:11  Zergling x4  
  57  4:18  Zergling x8  
  57  4:19  Spine Crawler, Spore Crawler  
  60  4:24  Zergling x4  
  60  4:27  Overlord  
  60  4:28  Zergling x2  
  60  4:30  Zergling x2  
  63  4:33  Zergling x4  
  63  4:34  Overlord  
  63  4:38  Spore Crawler  
  64  4:40  Roach x3  
  64  4:44  Roach  
  72  4:50  Roach x3  
  78  4:53  Lair  
  78  4:55  Extractor  
  78  4:57  Roach  
  78  4:58  Roach  
  81  5:00  Overlord  
  81  5:03  Roach  
  83  5:17  Roach x2  
  83  5:18  Overlord  
  87  5:22  Drone x2  
  87  5:23  Drone x4  
  87  5:25  Extractor  
  92  5:32  Drone x2  
  92  5:34  Overlord  
  94  5:36  Drone x2  
  94  5:39  Drone  
  94  5:41  Baneling Nest  
  94  5:42  Evolution Chamber  
  95  5:44  Drone x4  
  99  5:50  Drone  
  99  5:53  Drone x4  
  99  5:56  Drone  
  102  6:03  Drone x4  
  102  6:06  Drone  
  102  6:07  Extractor, Zerg Melee Weapons Level 1  
  102  6:08  Drone  
  103  6:11  Hydralisk Den  
  103  6:12  Overlord  
  103  6:14  Drone x2  
  103  6:16  Extractor, Overseer  
  103  6:18  Drone x2  
  105  6:24  Drone x4  
  109  6:26  Drone  
  109  6:30  Extractor  
  109  6:34  Overlord  
  109  6:35  Drone x2  
  111  6:44  Muscular Augments, Hatchery, Hydralisk x3  
  116  6:48  Drone x3  
  119  6:57  Ravager x2  
  119  6:58  Zergling x2  
  119  6:59  Zergling x12  
  119  7:00  Ravager  
  129  7:02  Overlord  
  129  7:08  Overlord  
  129  7:10  Overlord x2  
  129  7:14  Overlord  
  129  7:15  Centrifical Hooks  
  129  7:18  Baneling x5  
  128  7:25  Hydralisk  
  130  7:37  Baneling x2  
  130  7:38  Baneling x6, Hydralisk x2  
  134  7:44  Zergling x14  
  134  7:45  Zergling x12  
  147  7:53  Zergling x4  
  144  8:01  Zergling x16  
  144  8:03  Zerg Melee Weapons Level 2  
  144  8:04  Grooved Spines  
  148  8:05  Overlord  
  148  8:06  Drone  
  148  8:07  Drone x3  
  148  8:10  Drone x2  
  154  8:15  Drone  
  154  8:17  Drone  
  156  8:20  Drone x2  
  156  8:23  Infestation Pit  
  156  8:25  Drone  
  158  8:29  Drone x3  
  158  8:33  Drone x6  
  167  8:36  Hatchery  
  167  8:37  Pneumatized Carapace  
  167  8:40  Overlord  
  166  8:41  Overlord  
  166  8:42  Drone x3  
  166  8:43  Extractor  
  168  8:53  Overlord  
  168  8:58  Overlord x2  
  168  9:02  Hive  
  168  9:06  Spire  
  168  9:07  Drone x5, Spore Crawler  
  168  9:08  Extractor  
  170  9:10  Hydralisk x3  
  170  9:15  Hydralisk x3  
  179  9:27  Drone x6  
  179  9:28  Drone  
  179  9:30  Zergling x14  
  191  9:36  Evolution Chamber  
  191  9:38  Drone  
  191  9:39  Drone x3, Spine Crawler  
  191  9:40  Spine Crawler  
  191  9:41  Spine Crawler  
  191  9:50  Hydralisk  
  191  9:51  Hydralisk x4  
  200  9:56  Zergling x2  
  200  9:59  Zergling x6  
  199  10:04  Spine Crawler, Zergling x16  
  194  10:09  Baneling x14  
  194  10:11  Zergling x12  
  199  10:15  Adrenal Glands  
  199  10:20  Greater Spire, Zerg Melee Weapons Level 3  
  198  10:21  Zerg Missile Weapons Level 1  
  198  10:23  Extractor, Spore Crawler  
  198  10:24  Extractor  
  195  10:30  Overlord, Corruptor  
  195  10:31  Corruptor  
  199  10:37  Spine Crawler  
  199  10:38  Spine Crawler, Drone x2  
  199  10:39  Spine Crawler, Drone  
  185  10:51  Zergling x24  
  185  10:52  Corruptor x2  
  185  10:53  Hatchery  
  195  11:05  Baneling x13  
  195  11:10  Zergling x12  
  200  11:13  Zergling x2  
  200  11:14  Zergling x12  
  196  11:19  Baneling x19  
  196  11:26  Hydralisk x2  
  196  11:27  Hydralisk x2  
  190  11:40  Brood Lord x4  
  190  11:43  Corruptor x3  
  196  11:55  Zergling x6  
  196  11:56  Baneling x11  
  196  11:57  Baneling x5  
  199  12:13  Zerg Flyer Weapons Level 1  
  199  12:14  Pathogen Glands  
  199  12:15  Spire  
  190  12:24  Zergling x18  
  190  12:27  Overlord  
  198  12:42  Brood Lord  
  194  12:51  Overseer  
  194  12:52  Overseer  
  194  12:54  Baneling x13  
  194  12:57  Brood Lord x2  
  197  13:00  Drone x3  
  197  13:04  Spore Crawler  
  197  13:05  Spore Crawler  
  198  13:06  Spore Crawler x4  
  198  13:07  Spore Crawler  
  181  13:23  Zergling x36  
  196  13:28  Infestor x3  
  196  13:31  Neural Parasite  
  196  13:32  Burrow  
  196  13:33  Zerg Flyer Armor Level 1  
  195  13:45  Corruptor  
  195  13:46  Corruptor x2  
  197  14:06  Extractor  
  197  14:09  Extractor  
  193  14:10  Spine Crawler x3, Spore Crawler  
  193  14:11  Spine Crawler  
  188  14:18  Zergling x6  
  188  14:19  Zergling x18  
  188  14:21  Baneling x16  
  188  14:22  Baneling x2  
  200  14:24  Spine Crawler  
  199  14:32  Spore Crawler  
  199  14:33  Brood Lord  
  199  14:34  Spine Crawler x2  
  198  14:45  Brood Lord x2  
  188  14:50  Corruptor x5  
  195  15:09  Overseer x3  
  195  15:10  Overseer  
  195  15:14  Drone, Corruptor  
Show
View Real Time Build Order
Export as new Build Order

TLHarstem Protoss 

Build Orders: 1 Gate Expand, Archon Immortal, Mass Adepts 

Get SALT Encoding   

  12  0:01  Probe  
  13  0:15  Pylon  
  13  0:18  Probe (Chrono Boost)  
  15  0:28  Probe (Chrono Boost)  
  15  0:33  Probe (Chrono Boost)  
  16  0:42  Gateway  
  16  0:44  Probe  
  17  0:51  Assimilator  
  17  0:56  Probe  
  18  1:08  Probe  
  19  1:20  Probe  
  20  1:27  Nexus  
  20  1:36  Cybernetics Core  
  20  1:39  Probe  
  21  1:46  Assimilator  
  21  1:51  Probe  
  22  1:54  Pylon  
  22  2:03  Probe  
  23  2:10  Adept (Chrono Boost)  
  23  2:13  Warp Gate  
  25  2:15  Probe  
  26  2:28  Probe  
  27  2:30  Stalker (Chrono Boost)  
  27  2:36  Twilight Council  
  29  2:40  Probe x2  
  31  2:52  Probe x2  
  31  2:54  Robotics Facility  
  33  3:04  Probe  
  33  3:05  Gateway  
  34  3:06  Probe  
  34  3:11  Resonating Glaives (Chrono Boost)  
  35  3:16  Probe  
  35  3:18  Probe  
  37  3:22  Adept  
  39  3:28  Probe  
  39  3:30  Probe  
  39  3:33  Gateway  
  41  3:34  Gateway  
  41  3:40  Warp Prism (Chrono Boost)  
  41  3:48  Pylon  
  43  3:52  Probe  
  43  3:53  Probe  
  45  3:57  Pylon  
  45  4:04  Probe  
  45  4:06  Adept x2  
  45  4:07  Probe  
  45  4:09  Pylon  
  51  4:10  Observer  
  51  4:16  Probe  
  53  4:21  Pylon  
  54  4:26  Pylon  
  54  4:30  Adept x4  
  61  4:33  Probe  
  61  4:34  Probe  
  61  4:37  Assimilator  
  63  4:44  Assimilator  
  63  4:45  Probe  
  64  4:51  Adept x3  
  70  4:53  Adept  
  70  4:55  Probe  
  70  4:57  Probe  
  74  5:10  Probe  
  74  5:12  Adept, Sentry  
  79  5:20  Probe  
  80  5:23  Probe  
  80  5:25  Nexus, Sentry  
  80  5:27  Pylon  
  83  5:36  Probe  
  83  5:41  Pylon  
  84  5:44  Probe  
  84  5:45  Immortal (Chrono Boost)  
  84  5:49  Probe  
  90  5:50  Warp Prism (Chrono Boost)  
  90  5:54  Forge, Adept  
  90  5:56  Probe  
  93  6:01  Sentry, Probe  
  90  6:08  Probe  
  90  6:09  Pylon  
  91  6:11  Sentry  
  91  6:12  Stalker  
  91  6:13  Probe  
  91  6:16  Pylon  
  96  6:19  Immortal (Chrono Boost)  
  96  6:20  Probe  
  101  6:30  Photon Cannon  
  101  6:31  Sentry  
  103  6:33  Protoss Ground Weapons Level 1, Stalker  
  103  6:37  Probe  
  106  6:42  Probe  
  106  6:43  Probe  
  106  6:46  Templar Archives  
  108  6:50  Probe  
  113  6:56  Immortal (Chrono Boost)  
  113  7:04  Probe  
  113  7:06  Assimilator  
  114  7:08  Gateway  
  114  7:11  Assimilator, Gateway, Zealot x2  
  114  7:15  Probe x2  
  120  7:18  Probe  
  121  7:27  Charge (Chrono Boost), Pylon  
  121  7:32  Templar Archives  
  121  7:34  Stalker x3  
  127  7:39  Psionic Storm  
  127  7:48  Gateway  
  127  7:50  Pylon  
  127  7:52  Zealot  
  128  8:01  Probe  
  128  8:04  High Templar x3  
  129  8:09  Probe  
  129  8:10  Gateway, Photon Cannon  
  129  8:12  Gateway  
  130  8:15  Shield Battery  
  130  8:18  High Templar  
  132  8:21  Probe  
  132  8:22  Zealot x2  
  132  8:25  Immortal  
  132  8:26  Pylon  
  141  8:29  Photon Cannon  
  141  8:32  Probe  
  142  8:40  Stalker x3  
  148  8:45  High Templar  
  148  8:48  Pylon  
  150  8:49  Pylon  
  150  8:56  Probe  
  150  8:57  High Templar  
  150  8:58  High Templar  
  150  9:02  Archon  
  155  9:08  Protoss Ground Weapons Level 2 (Chrono Boost)  
  155  9:10  Photon Cannon  
  155  9:12  Nexus  
  155  9:13  High Templar, Pylon  
  155  9:16  Probe  
  158  9:17  Photon Cannon  
  158  9:20  Probe  
  159  9:31  Zealot x5  
  169  9:35  Photon Cannon  
  169  9:41  High Templar x2  
  169  9:44  Assimilator  
  173  9:46  Archon  
  171  9:54  Probe  
  171  9:57  Probe, Gateway  
  169  10:00  Gateway x2  
  161  10:07  High Templar x2  
  161  10:08  Zealot x4  
  161  10:10  Probe  
  174  10:14  Archon  
  174  10:21  Photon Cannon  
  172  10:22  Assimilator  
  172  10:23  Pylon x2  
  172  10:29  Zealot x5  
  182  10:39  Probe  
  182  10:40  Zealot  
  182  10:41  Zealot x2  
  187  10:47  Photon Cannon  
  185  10:50  Zealot x4  
  185  10:53  Warp Prism (Chrono Boost)  
  193  10:59  Stargate  
  193  11:00  Zealot  
  189  11:14  Zealot x2  
  189  11:15  Zealot x5  
  189  11:17  Zealot  
  177  11:31  High Templar x3  
  161  11:42  Probe  
  161  11:46  High Templar x4  
  154  11:47  High Templar x2  
  154  11:48  High Templar x2  
  154  11:52  Archon x2, Probe  
  154  11:53  Probe  
  164  11:56  Probe  
  164  11:58  Photon Cannon  
  164  11:59  Archon x2  
  164  12:00  Photon Cannon  
  165  12:03  Pylon  
  165  12:06  Zealot x3  
  169  12:10  Protoss Ground Weapons Level 3 (Chrono Boost)  
  169  12:16  Fleet Beacon  
  169  12:21  Probe  
  169  12:22  Probe  
  159  12:26  High Templar, Pylon  
  159  12:27  High Templar, Zealot x2  
  159  12:29  Stargate  
  167  12:30  Photon Cannon  
  167  12:32  Archon  
  167  12:35  High Templar  
  167  12:36  Probe  
  166  12:38  Probe  
  166  12:41  Zealot x4  
  173  12:46  Probe (Chrono Boost)  
  173  12:48  Probe (Chrono Boost)  
  173  12:51  Probe (Chrono Boost)  
  161  12:54  Probe (Chrono Boost)  
  161  12:55  High Templar x2  
  161  12:56  High Templar x2  
  164  12:59  Probe (Chrono Boost)  
  164  13:00  Archon  
  164  13:01  Archon, Zealot x2  
  168  13:06  Probe (Chrono Boost)  
  155  13:23  Tempest (Chrono Boost)  
  155  13:26  Tempest (Chrono Boost)  
  158  13:27  Probe (Chrono Boost)  
  158  13:31  Probe (Chrono Boost)  
  157  13:36  Probe (Chrono Boost)  
  157  13:37  Probe (Chrono Boost)  
  157  13:40  Probe (Chrono Boost)  
  157  13:41  Probe (Chrono Boost)  
  159  13:42  Zealot  
  159  13:44  Probe (Chrono Boost)  
  159  13:45  Probe x2 (Chrono Boost), Stalker x2  
  168  13:50  Probe  
  168  13:55  Probe  
  166  13:56  Tempest (Chrono Boost)  
  171  14:03  Zealot  
  171  14:06  Tempest (Chrono Boost)  
  171  14:09  Probe  
  179  14:11  Probe  
  179  14:15  Probe x2  
  182  14:26  High Templar x2, Photon Cannon  
  182  14:27  Photon Cannon  
  182  14:30  Observer (Chrono Boost)  
  187  14:35  Tempest (Chrono Boost)  
  182  14:43  Probe  
  182  14:44  Probe  
  185  14:46  Probe x2  
  185  14:50  Shield Battery  
  190  14:56  Oracle (Chrono Boost)  
  190  14:59  High Templar x2  
  194  15:00  High Templar x2  
  188  15:13  Zealot x6  
  198  15:24  Zealot  
  174  15:41  Zealot x4  
  174  15:42  Zealot  
Tags
 
Add a new tag
Caveats
  • Supply blocks, unpowered buildings, or Contaminate may cause inaccurate times.
  • Supply counts are checked every 10 seconds.